 Dungeon Crawl Stone Soup version 0.31-a0-343-g456c268693 (webtiles) character file.

Game seed: 3189719724839914809

132 neozumm the Trooper (level 4, 0/44 HPs)
             Began as a Minotaur Fighter on July 21, 2023.
             Was a Follower of Uskayaw.
             Killed from afar by an orc wizard (4 damage)
             ... with a magic dart
             ... on level 3 of the Dungeon.
             The game lasted 00:10:19 (1727 turns).

neozumm the Trooper (Minotaur Fighter)              Turns: 1727, Time: 00:10:20

Health: 0/44       AC:  6    Str: 21    XL:     4   Next: 92%
Magic:  3/3        EV:  9    Int:  5    God:    Uskayaw [*.....]
Gold:   67         SH:  0    Dex: 11    Spells: 3/3 levels left

rFire   . . .        a - +0 war axe
rCold   . . .        c - +0 buckler
rNeg    . . .        b - +0 scale mail
rPois   .            (helmet restricted)
rElec   .            (no cloak)
rCorr   .            (no gloves)
SInv    .            (no boots)
Will    .....        (no amulet) Stlth
                     (no ring)
HPRegen 0.27/turn    (no ring)
MPRegen 0.08/turn

%: no passive effects
@: confused
A: horns 2, retaliatory headbutt
a: Renounce Religion, Stomp


You were on level 3 of the Dungeon.
You worshipped Uskayaw.
Uskayaw was noncommittal.
You visited 1 branch of the dungeon, and saw 3 of its levels.

You collected 67 gold pieces.

Inventory:

Hand Weapons
 a - a +0 war axe (weapon)
Missiles
 p - 6 poisoned darts (quivered)
Armour
 b - a +0 scale mail (worn)
 c - a +0 buckler (worn)
Jewellery
 n - a +6 ring of strength
Talismans
 h - a beast talisman
Wands
 q - a wand of polymorph (12)
Scrolls
 e - 5 scrolls of identify {unknown}
 f - a scroll of blinking {unknown}
 i - a scroll of fear {unknown}
 j - a scroll of teleportation {unknown}
 l - a scroll of poison {unknown}
 o - a scroll of immolation {unknown}
Potions
 d - a potion of might
 g - a potion of magic {unknown}
 k - a potion of lignification {unknown}
 m - a potion of curing {unknown}


   Skills:
 * Level 5.8 Fighting
 + Level 4.0 Axes
 - Level 3.6 Armour
 - Level 3.6 Shields
 + Level 0.8 Invocations


You had 3 spell levels left.
You didn't know any spells.
Your spell library was empty.

Dungeon Overview and Level Annotations

Branches:
Dungeon (3/15)

Altars:
Kikubaaqudgha
Uskayaw


Innate Abilities, Weirdness & Mutations

You have a pair of horns on your head.
You reflexively headbutt those who attack you in melee.


Message History

You feel less confused. The adder bites you but does no damage.
Something hits you.
You closely miss the adder.
The adder is heavily wounded.
The adder closely misses you. You block the adder's attack. Something hits you.
You hit the adder. You headbutt the adder.
You kill the adder!
You hear some strange, mumbled words.
You are confused.
Your Axes skill increases to level 4!
You hear some strange, mumbled words.
A puff of flame appears from out of thin air!
The puff of flame hits you.
You see here an adder corpse.
Something hits you but does no damage.
You're too confused to move!
Something hits you.
You bump into the rock wall.
Something hits you.
You're too confused to move!
You feel less confused. Something hits you.
You closely miss something. Your headbutt misses something. Something hits you.
* * * LOW HITPOINT WARNING * * *
You hear some strange, mumbled words.
You are confused.
You bump into the rock wall.
Something hits you.
* * * LOW HITPOINT WARNING * * *
Something hits you.
* * * LOW HITPOINT WARNING * * *
Something hits you.
* * * LOW HITPOINT WARNING * * *
You closely miss something. Your headbutt misses something.
You hear some strange, mumbled words.
A magic dart appears from out of thin air!
The magic dart hits you.
* * * LOW HITPOINT WARNING * * *
You can no longer pass through a line of other dancers.
You hear some strange, mumbled words.
A magic dart appears from out of thin air!
The magic dart hits you.
You die...

..........# ..
..........# #.
..........# #.
..........# #.
....(.....#############.
.........))....<........
........†)#######.######
........{.# #....#
.......@..# #.####
...?......# #
.............
.............#
...............
..........#+####
..........# ..........#


There were no monsters in sight!

Vanquished Creatures
  Jessica (D:2)
  An orc wizard (D:3)
  A gnoll (D:1)
  2 adders
  A worm (D:2)
  A dart slug (D:1)
  2 orcs (D:3)
  3 endoplasms
  4 giant cockroaches
  5 goblins (D:1)
  4 hobgoblins
  4 quokkas
  3 ball pythons
  5 bats
  2 frilled lizards
  4 kobolds
  5 rats
48 creatures vanquished.

Notes
Turn   | Place    | Note
-------+----------+-------------------------------------------
     0 | D:1      | neozumm the Minotaur Fighter began the quest for the Orb.
     0 | D:1      | Reached XP level 1. HP: 19/19 MP: 0/0
   158 | D:1      | Reached skill level 4 in Fighting
   158 | D:1      | Reached XP level 2. HP: 27/27 MP: 1/1
   595 | D:1      | Reached XP level 3. HP: 33/34 MP: 2/2
   870 | D:2      | Found an ancient bone altar of Kikubaaqudgha.
   949 | D:2      | Noticed Jessica
   956 | D:2      | Killed Jessica
   957 | D:2      | Reached skill level 5 in Fighting
   957 | D:2      | Reached XP level 4. HP: 42/42 MP: 3/3
  1242 | D:2      | Found a faded altar of an unknown god.
  1253 | D:2      | Prayed at the altar of an unknown god.
  1253 | D:2      | Became a worshipper of Uskayaw the Reveller
  1253 | D:2      | Reached * piety under Uskayaw
  1662 | D:3      | Reached ** piety under Uskayaw
  1666 | D:3      | Reached *** piety under Uskayaw
  1727 | D:3      | Killed from afar by an orc wizard

Illustrated notes

Levels and vault maps discovered:
D:1:      tarquinn_simple_flora_water_f, layout_rooms, grunt_decor_cap
D:2:      layout_loops_cross, shapermc_ecumenical_altar_pompeii, basic_altar,
          uniq_jessica
D:3:      layout_basic, nicolae_vehumet_altar_sigil

Skill      XL: |  1  2  3  4 |
---------------+-------------+-----
Fighting       | 4 5 |  5.8
Axes           | 3 4 |  4.0
Armour         | |  3.6
Shields        | |  3.6
Invocations    | |  0.8

Action                     |  1- 3 |  4- 6 || total
---------------------------+-------+-------++-------
  Melee: War axe           |    54 |    50 ||   104
         Headbutt          |     6 |     7 ||    13
   Stab: Paralysed         |       |     1 ||     1
 Armour: Scale mail        |    23 |    27 ||    50
  Dodge: Dodged            |    26 |    25 ||    51
  Block: Buckler           |    15 |    15 ||    30

Table legend: (Time is in decaauts)
 A = Elapsed time spent in this place.
 B = Non-inter-level travel time spent in this place.
 C = Inter-level travel time spent in this place.
 D = Time resting spent in this place.
 E = Time spent auto-exploring this place.
 F = Levels seen in this place.
 G = Mean time per level.
                   A        B        C        D        E       F      G
               +--------+--------+--------+--------+--------+-----+--------+
         Total |   1764 |   1698 |     66 |    242 |    774 |   3 |  588.0 |
       Dungeon |   1764 |   1698 |     66 |    242 |    774 |   3 |  588.0 |
               +--------+--------+--------+--------+--------+-----+--------+

Top non-repeatable levels by time:
     D:1: 828 daAuts
     D:2: 806 daAuts
     D:3: 129 daAuts
